 Dungeon Crawl Stone Soup version 0.22-a0-223-g0f5d773 (webtiles) character file.

9 4thArraOfDagon the Vexing (level 2, 0/19 HPs)
             Began as an Octopode Arcane Marksman on Feb 18, 2018.
             Slain by a goblin
             ... wielding a +0 club
             ... led by Robin
              (2 damage)
             ... on level 3 of the Dungeon.
             The game lasted 00:01:16 (202 turns).

4thArraOfDagon the Vexing (Octopode Arcane Marksman) Turns: 202, Time: 00:01:17

Health: 0/19       AC:  1    Str:  9    XL:     2   Next: 12%
Magic:  3/3        EV: 13    Int: 15    God:
Gold:   10         SH:  0    Dex: 12    Spells: 2/3 levels left

rFire    . . .     SeeInvis .   (no weapon)
rCold    . . .     Gourm    .   (no shield)
rNeg     . . .     Faith    .   (helmet restricted)
rPois    .         Spirit   .   (no amulet)
rElec    .         Reflect  .   (no ring)
rCorr    .         Harm     .   (no ring)
MR       .....                  (no ring)
Stlth    ++........             (no ring)
HPRegen  0.06/turn              (no ring)
MPRegen  0.08/turn              (no ring)
                                (no ring)
                                (no ring)

@: lethally poisoned (0 -> -11), hasted, very quick
A: almost no armour, stealthy swim, amphibious, 8 rings, constrict 8, camouflage
1, gelatinous body 1
a: no special abilities


You were on level 3 of the Dungeon.
You were not hungry.

You visited 1 branch of the dungeon, and saw 3 of its levels.

You collected 10 gold pieces.

Inventory:

Missiles
 b - 13 javelins (quivered)
 c - 2 throwing nets
Scrolls
 d - a scroll of enchant armour
Potions
 g - a potion of curing {unknown}
Comestibles
 a - a ration


   Skills:
 + Level 2.1 Fighting
 - Level 2.0 Throwing
 - Level 2.0 Dodging
 - Level 1.0 Spellcasting
 - Level 3.0 Hexes


You had 2 spell levels left.
You knew the following spells:

 Your Spells              Type           Power        Failure   Level  Hunger
a - Corona                Hex            #......      7%          1    ##.....


Dungeon Overview and Level Annotations

Branches:
Dungeon (3/15)

Altars:
Qazlal

Annotations:
D:2 Robin


Innate Abilities, Weirdness & Mutations

You cannot wear most types of armour.
You are very stealthy in the water. (Stealth+)
You are amphibious.
You can wear up to eight rings at the same time.
You can use your tentacles to constrict eight enemies at once.
Your skin changes colour to match your surroundings (Stealth+).
Your rubbery body absorbs attacks. (AC +1, EV +1)


Message History

Unknown command.
Robin shouts!
Robin roars a battlecry!
The goblin goes into a battle-frenzy!
You see here a club.
Unknown command.
A goblin comes into view. It is wielding a dagger.
Robin hits you from afar with a spear of venom.
You are lethally poisoned!
There is a stone staircase leading down here.
Unknown command.
You feel sick. The hobgoblin barely misses you. The goblin barely misses you.
You climb downwards.
You feel sick.
There is a stone staircase leading up here.
Unknown command.
Unknown command.
It was a potion of haste.
You feel yourself speed up. The hobgoblin hits you.
* * * LOW HITPOINT WARNING * * *
The goblin hits you with a club.
You die...

≈ P .♣≈ #.P #. #.♣
..#######.♣ ..........♣
#.# #.#.# #.# #.#g# #.#
##.#@# #####.####..g.#
####.............#
.....###.####....## ##
..............[#>......
######.#####..#.###..#
#.# #..#.# #.## #.#
#....###...## #.#
#..#.##.....##


You could see a hobgoblin and a goblin.

Vanquished Creatures
  A giant cockroach (D:3)
  2 goblins
  A hobgoblin (D:2)
  A kobold (D:1)
  A bat (D:3)
  2 rats (D:2)
8 creatures vanquished.

Notes
Turn   | Place    | Note
-------+----------+-------------------------------------------
     0 | D:1      | 4thArraOfDagon the Octopode Arcane Marksman began the quest for the Orb.
     0 | D:1      | Reached XP level 1. HP: 13/13 MP: 2/2
   139 | D:3      | Found a stormy altar of Qazlal.
   152 | D:3      | Reached XP level 2. HP: 13/19 MP: 3/3
   188 | D:2      | Noticed Robin
   202 | D:3      | Slain by a goblin

Vault maps used:
D:1:      doesnt_arrival_eight_statues, minmay_misc_feat_roman,
          minmay_tetromino_i4
D:2:      lemuel_round_altar, minmay_misc_feat_room, makhleb_heckhound_becter,
          uniq_robin
D:3:      lemuel_round_altar, first_ration, serial_undead, serial_undead_f,
          serial_undead_d, serial_undead_a, serial_undead_a, serial_undead_e,
          serial_undead_d, serial_undead_c, serial_undead_d, serial_undead_c,
          serial_undead_e, minmay_misc_feat_columns, serial_bayou_ford_a

Skill      XL: |  1 |
---------------+----+-----
Fighting       | 2 |  2.1
Throwing       | |  2.0
Dodging        | |  2.0
Spellcasting   | |  1.0
Hexes          | |  3.0

Action                   || total
-------------------------++-------
Melee: Unarmed           ||    13
       Hand axe          ||     9
       Constrict         ||     7
       Tentacles         ||     4
  Use: Scroll            ||     2
       Potion            ||     1
 Stab: Sleeping          ||     3
Armor: Skin              ||     1
Dodge: Dodged            ||    16

Table legend:
 A = Spawn XP
 B = Non-spawn XP
 C = Spawn XP percentage of total XP
 D = Spawn monster count
 E = Non-spawn monster count
 F = Spawn count percentage of total count
 G = Total turns spent on level
                    A         B        C        D         E        F      G
               +---------+---------+-------+---------+---------+-------+---------
         Total |       0 |      13 |   0.0 |       0 |       8 |   0.0 |   202
               +---------+---------+-------+---------+---------+-------+---------
           D:1 |       0 |       4 |   0.0 |       0 |       2 |   0.0 |    44
           D:2 |       0 |       6 |   0.0 |       0 |       4 |   0.0 |   109
           D:3 |       0 |       3 |   0.0 |       0 |       2 |   0.0 |    49
               +---------+---------+-------+---------+---------+-------+---------
